Map: 트라이튼 - 래더

Players

Lambo

  • Race: Zerg Zerg
  • Spawn Location: 5:00

TYTY (TY) - Winner!

  • Race: Terran Terran
  • Spawn Location: 11:00

Event: IEM Katowice 2020

VOD

Have the link to the VOD?

Description

Time

  • Played on: Feb. 28, 2020, 11:22 a.m.
  • Length: 10:47

All games in this series

Show
View Real Time Build Order
Export as new Build Order

Lambo Zerg 

Build Orders: Hatch First 

Get SALT Encoding   

  12  0:00  Drone  
  13  0:12  Overlord  
  13  0:16  Drone  
  14  0:30  Drone x2  
  16  0:46  Hatchery  
  15  0:50  Drone  
  15  0:54  Drone  
  18  0:57  Drone  
  18  1:07  Extractor  
  17  1:12  Spawning Pool  
  17  1:17  Drone  
  17  1:18  Drone  
  18  1:28  Drone  
  19  1:38  Drone  
  20  1:50  Overlord  
  20  1:58  Queen  
  20  1:59  Zergling x2, Queen  
  20  2:00  Zergling x2  
  26  2:09  Drone  
  26  2:10  Drone  
  26  2:12  Metabolic Boost  
  28  2:20  Drone  
  28  2:21  Drone  
  30  2:32  Overlord  
  30  2:33  Drone  
  30  2:34  Queen  
  33  2:44  Drone  
  33  2:45  Drone  
  35  2:54  Pneumatized Carapace  
  35  2:58  Drone  
  35  3:04  Hatchery  
  35  3:05  Drone x2  
  37  3:08  Drone  
  37  3:12  Drone x2  
  40  3:15  Drone x2  
  42  3:22  Overlord  
  42  3:28  Queen  
  44  3:40  Queen  
  46  3:43  Drone x2  
  46  3:45  Zergling x8  
  52  3:52  Overlord  
  52  4:04  Overlord  
  52  4:10  Queen  
  52  4:13  Drone x6  
  52  4:15  Overlord  
  60  4:17  Overlord x2  
  60  4:19  Drone  
  60  4:23  Lair  
  61  4:25  Roach Warren  
  61  4:27  Drone x2  
  61  4:28  Drone  
  63  4:35  Extractor  
  63  4:36  Drone x2  
  63  4:37  Queen, Extractor  
  65  4:40  Drone x2  
  65  4:42  Overlord  
  67  4:46  Drone  
  67  4:48  Overlord  
  67  4:50  Drone x2  
  70  4:53  Overlord  
  70  4:54  Drone  
  70  4:57  Overlord  
  70  4:59  Overlord  
  71  5:03  Overlord  
  71  5:05  Overlord  
  71  5:10  Spore Crawler, Drone x3  
  73  5:14  Drone x2  
  73  5:17  Drone  
  73  5:20  Drone x2  
  73  5:21  Overlord  
  78  5:25  Roach  
  71  5:29  Drone x2  
  69  5:35  Spire  
  69  5:37  Roach x2  
  69  5:40  Spore Crawler x2  
  70  5:45  Spore Crawler, Extractor  
  70  5:47  Drone x2  
  70  5:51  Drone x2  
  73  5:57  Drone  
  73  6:00  Drone x2, Glial Reconstitution  
  75  6:08  Roach  
  75  6:09  Roach  
  75  6:10  Roach x2  
  79  6:12  Drone  
  79  6:15  Drone x3  
  81  6:19  Drone  
  81  6:22  Drone x5  
  84  6:32  Drone x2  
  76  6:45  Drone x6  
  82  6:48  Extractor  
  82  6:52  Corruptor x3  
  87  6:58  Corruptor x2  
  91  7:01  Corruptor  
  91  7:03  Extractor  
  92  7:08  Corruptor  
  94  7:18  Drone x2  
  94  7:19  Drone, Corruptor  
  99  7:26  Zergling x4, Roach x4  
  109  7:34  Roach x2  
  109  7:35  Roach x2  
  117  7:39  Corruptor  
  119  7:45  Zergling x10  
  119  7:48  Ravager  
  125  7:52  Corruptor  
  125  7:56  Zergling x10  
  128  8:00  Ravager x2  
  128  8:04  Zergling x2  
  128  8:05  Zergling x8  
  134  8:06  Zergling x4  
  134  8:07  Ravager  
  134  8:11  Zergling x2, Ravager  
  134  8:12  Zergling x2  
  131  8:21  Zergling x8  
  131  8:23  Zergling x4  
  131  8:26  Zergling x4  
  116  8:30  Corruptor x2  
  108  8:34  Roach x2  
  108  8:37  Roach  
  108  8:38  Roach  
  105  8:44  Drone x2  
  105  8:45  Drone x2  
  105  8:50  Corruptor  
  107  8:56  Corruptor  
  107  8:58  Corruptor  
  107  9:01  Corruptor  
  113  9:06  Corruptor  
  115  9:11  Corruptor  
  115  9:14  Corruptor  
  119  9:23  Corruptor x2  
  123  9:27  Roach  
  125  9:33  Roach x4  
  135  9:43  Corruptor  
  139  9:45  Zergling x2, Roach  
  139  9:46  Zergling x2  
  129  9:53  Roach x3  
  129  9:54  Roach  
  129  9:55  Ravager x2  
  129  9:57  Zergling x4, Roach x2  
  145  10:01  Overlord  
  137  10:07  Roach x3  
  137  10:08  Roach  
  137  10:13  Overlord  
  145  10:19  Overlord  
  145  10:20  Ravager x3  
  145  10:21  Zergling x8  
  152  10:27  Zergling x2  
Show
View Real Time Build Order
Export as new Build Order

TYTY Terran - Winner!

Build Orders: Liberator Opening, Reaper Expand, Mech 

Get SALT Encoding   

  12  0:00  SCV  
  13  0:12  SCV  
  14  0:17  Supply Depot  
  14  0:25  SCV  
  15  0:38  SCV  
  15  0:39  Barracks  
  16  0:43  Refinery  
  16  0:50  SCV  
  17  1:02  SCV  
  18  1:14  SCV  
  19  1:26  Reaper  
  19  1:27  Orbital Command  
  20  1:40  Command Center  
  20  1:52  Supply Depot  
  20  1:53  SCV  
  21  1:58  Marine  
  22  2:04  Factory  
  22  2:07  SCV  
  23  2:16  Marine  
  23  2:19  SCV  
  25  2:31  SCV  
  26  2:40  Barracks Reactor  
  26  2:43  Command Center  
  27  2:44  SCV  
  27  2:52  Orbital Command  
  27  2:56  SCV  
  28  3:07  Refinery, Starport  
  28  3:09  SCV  
  29  3:21  Hellion x2  
  29  3:22  SCV  
  29  3:23  SCV  
  35  3:34  SCV  
  36  3:35  SCV  
  36  3:37  Supply Depot  
  37  3:42  Hellion  
  37  3:44  Liberator  
  37  3:46  SCV  
  43  3:49  Hellion  
  43  3:50  SCV  
  46  3:57  Orbital Command  
  46  3:59  SCV  
  46  4:02  SCV  
  48  4:04  Hellion  
  50  4:10  Refinery  
  50  4:11  SCV  
  50  4:13  Fusion Core  
  50  4:14  SCV  
  50  4:16  Hellion  
  54  4:22  SCV  
  54  4:23  SCV, Supply Depot  
  56  4:26  SCV  
  56  4:28  Hellion  
  59  4:32  Starport Tech Lab  
  59  4:36  SCV  
  59  4:37  Hellion  
  59  4:38  SCV, Supply Depot  
  63  4:41  SCV  
  64  4:48  SCV  
  64  4:50  Refinery  
  67  4:53  SCV, Hellion  
  67  4:58  Hellion  
  70  5:00  Battlecruiser, Orbital Command  
  70  5:03  SCV  
  70  5:05  SCV  
  78  5:15  SCV, Supply Depot  
  78  5:17  SCV  
  78  5:19  Hellion  
  78  5:20  Hellion  
  84  5:26  SCV  
  82  5:34  SCV x2  
  84  5:39  SCV  
  84  5:41  Factory x2  
  85  5:46  SCV, Hellion  
  85  5:47  SCV, Hellion  
  89  5:51  SCV  
  89  5:54  Refinery x2, Weapon Refit  
  90  5:58  SCV  
  90  5:59  SCV  
  92  6:08  SCV  
  92  6:09  Battlecruiser  
  91  6:14  SCV x2, Supply Depot x2  
  93  6:27  Factory Tech Lab  
  93  6:32  SCV x2, Engineering Bay, Command Center  
  91  6:34  SCV  
  91  6:39  Factory Tech Lab  
  85  6:41  Hellion x2  
  85  6:44  SCV x2  
  85  6:46  SCV, Starport, Siege Tank  
  91  6:53  Supply Depot  
  91  6:54  Supply Depot  
  91  6:56  SCV x2  
  91  6:58  Siege Tank  
  96  7:02  Missile Turret  
  96  7:04  Missile Turret  
  96  7:07  Hellion  
  99  7:09  Barracks Tech Lab  
  99  7:14  Supply Depot  
  101  7:18  Battlecruiser, Siege Tank  
  101  7:21  Missile Turret  
  106  7:31  Siege Tank  
  106  7:33  Hellion  
  106  7:34  Hellion, Missile Turret x2  
  110  7:37  Battlecruiser  
  110  7:41  Missile Turret  
  110  7:42  SCV x3  
  119  7:50  Missile Turret  
  119  7:53  Siege Tank  
  119  7:54  SCV  
  119  7:57  Missile Turret  
  123  7:59  Hellion  
  123  8:00  Hellion  
  123  8:05  Missile Turret  
  127  8:08  Siege Tank  
  127  8:09  SCV  
  127  8:10  SCV  
  127  8:11  SCV  
  127  8:12  Supply Depot  
  133  8:14  Orbital Command  
  132  8:25  SCV x2, Hellion x2  
  132  8:26  Siege Tank  
  122  8:33  SCV  
  117  8:37  SCV  
  117  8:41  Hellion  
  109  8:43  SCV x2  
  109  8:48  Hellion  
  109  8:49  Hellion  
  109  8:51  Battlecruiser  
  117  9:00  Battlecruiser  
  123  9:03  SCV x2  
  123  9:07  Orbital Command, Siege Tank  
  128  9:12  Hellion x2  
  128  9:13  SCV  
  128  9:14  Supply Depot  
  128  9:15  SCV  
  128  9:16  SCV, Siege Tank  
  138  9:27  SCV  
  138  9:29  Supply Depot x2  
  140  9:31  Orbital Command  
  140  9:32  Missile Turret  
  142  9:39  SCV, Cyclone  
  143  9:48  Cyclone  
  143  9:50  Hellion  
  143  9:51  Hellion  
  143  9:52  SCV x3, Refinery  
  147  9:53  Refinery, Factory  
  147  9:54  Factory  
  147  9:56  Command Center  
  153  10:03  SCV  
  154  10:10  Missile Turret x2  
  154  10:12  SCV, Hellion x2  
  155  10:16  Hellion  
  155  10:21  Missile Turret  
  155  10:25  Missile Turret  
  161  10:30  SCV x3  

Tags
 
Add a new tag
Caveats
  • Supply blocks, unpowered buildings, or Contaminate may cause inaccurate times.
  • Supply counts are checked every 10 seconds.